 Dungeon Crawl Stone Soup version 0.26-a0-540-g8a0c9464d7 (webtiles) character file.

Game seed: 2257343379121064103

12196 Gorglomux the Fighter (level 11, -3/151 HPs)
             Began as a Palentonga Delver on Aug 21, 2020.
             Was a Follower of Uskayaw.
             Slain by a minotaur
             ... wielding the +8 trident of Etubull {venom, Str+2}
              (21 damage)
             ... in a Gauntlet.
             The game lasted 00:25:15 (14132 turns).

Gorglomux the Fighter (Palentonga Delver)          Turns: 14132, Time: 00:25:15

Health: -3/151     AC: 29    Str: 20    XL:     11   Next: 59%
Magic:  15/15      EV:  1    Int: 12    God:    Uskayaw [*.....]
Gold:   411        SH:  5    Dex: 20    Spells: 10/10 levels left

rFire    . . .     SeeInvis +   O - +3 dagger (speed)
rCold    x . .     Faith    .   t - +0 buckler
rNeg     + + +     Spirit   .   (armour currently unavailable)
rPois    +         Reflect  .   (helmet currently unavailable)
rElec    +         Harm     .   (cloak currently unavailable)
rCorr    .         NoTele   +   (gloves currently unavailable)
MR       ++...                  (boots currently unavailable)
Stlth    +++.......             U - amulet "Qutuyses" {Acrobat Dex+2}
HPRegen  0.35/turn              K - +6 ring of dexterity
MPRegen  0.14/turn              G - ring "Gibya" {rElec rC- MR++ AC+4 Str+3}

@: lethally poisoned (-3 -> -10), tree-form, invisible
A: large, rugged brown scales 3, see invisible
a: Stomp, Renounce Religion


You were in a Gauntlet.
You worshipped Uskayaw.
Uskayaw was noncommittal.
You were a tree.
You visited 2 branches of the dungeon, and saw 12 of its levels.
You also visited: Gauntlet.

You collected 715 gold pieces.
You spent 304 gold pieces at shops.

Inventory:

Hand Weapons
 f - a +1 short sword of venom
 u - a +2 short sword of draining
 x - a +0 broad axe of freezing
 J - the +7 mace of Variability {chain chaos}
   (You found it on level 9 of the Dungeon)

   Each time it hits an enemy it has a different, random effect.
 O - a +3 dagger of speed (weapon)
Armour
 b - a +0 leather armour
 e - a +0 cloak (melded)
 s - a +0 troll leather armour (melded)
 t - a +0 buckler (worn)
 w - a +1 chain mail of magic resistance
 z - a +1 hat (melded)
 C - a +0 kite shield
 S - the +0 pair of gloves of Good Intentions (melded) {*Drain rN+ rCorr Dex+2}
   (You bought it in a shop on level 11 of the Dungeon)

   It affects your dexterity (+2).
   It protects you from negative energy.
   It provides partial protection from all sources of acid and corrosion.
   It causes draining when unequipped.
Jewellery
 g - an uncursed ring of resist corrosion
 r - a +6 ring of dexterity
 y - an uncursed amulet of reflection
 F - an uncursed ring of magical power
 G - the ring "Gibya" (right branch) {rElec rC- MR++ AC+4 Str+3}
   (You found it in a Gauntlet)

   [ring of protection]

   It affects your AC (+4).
   It affects your strength (+3).
   It makes you vulnerable to cold.
   It insulates you from electricity.
   It affects your resistance to hostile enchantments.
 K - a +6 ring of dexterity (left branch)
 U - the amulet "Qutuyses" (around neck) {Acrobat Dex+2}
   (You found it in a Gauntlet)

   [amulet of the acrobat]

   It helps you evade while moving and waiting.
   It affects your dexterity (+2).
Wands
 A - a wand of acid (4)
 D - a wand of digging (1)
 E - a wand of polymorph (5)
 I - a wand of iceblast (3)
 L - a wand of disintegration (8)
 P - a wand of paralysis (10)
Scrolls
 c - 2 scrolls of fog
 j - a scroll of enchant armour
 k - a scroll of enchant weapon
 o - a scroll of noise
 B - 2 scrolls of blinking
 M - 5 scrolls of magic mapping
 N - a scroll of immolation
 T - 6 scrolls of teleportation
 W - 3 scrolls of remove curse
Potions
 a - a potion of ambrosia
 h - a potion of magic
 i - a potion of cancellation
 l - 4 potions of flight
 m - 3 potions of might
 n - a potion of stabbing
 q - a potion of brilliance
 v - 3 potions of mutation
 H - 3 potions of haste


   Skills:
 + Level 11.7 Fighting
 - Level 11.1 Short Blades
 + Level 3.9 Armour
 - Level 4.0 Dodging
 - Level 3.3 Stealth
 - Level 2.4 Shields
 + Level 6.0 Invocations
 + Level 2.4 Evocations


You had 10 spell levels left.
You didn't know any spells.
Your spell library contained the following spells:

 Spells                   Type           Power        Failure   Level
 Animate Skeleton         Necr           #.....       32%         1
 Apportation              Tloc           #.....       32%         1
 Corona                   Hex            #......      32%         1
 Magic Dart               Conj           #...         32%         1
 Sting                    Tmut/Pois      #...         32%         1
 Summon Small Mammal      Summ           #...         32%         1
 Blink                    Tloc           N/A          45%         2
 Call Imp                 Summ           #.......     45%         2
 Poisonous Vapours        Pois/Air       #.....       45%         2
 Slow                     Hex            #.......     45%         2
 Call Canine Familiar     Summ           #.......     69%         3
 Conjure Flame            Conj/Fire      #.......     69%         3
 Ignite Poison            Fire/Tmut/Pois #.......     69%         3
 Lesser Beckoning         Tloc           #.........   69%         3
 Mephitic Cloud           Conj/Pois/Air  #.......     69%         3
 Summon Guardian Golem    Hex/Summ       #.......     69%         3
 Tukima's Dance           Hex            #.......     69%         3
 Olgreb's Toxic Radiance  Pois           #.......     97%         4
 Summon Ice Beast         Ice/Summ       #.......     97%         4
 Summon Lightning Spire   Summ/Air       #.......     97%         4
 Alistair's Intoxication  Tmut/Pois      #........    100%        5
 Bolt of Magma            Conj/Fire/Erth #.........   100%        5
 Irradiate                Conj/Tmut      #.........   100%        5
 Iskenderun's Battlesphe  Conj           #.......     100%        5
 Freezing Cloud           Conj/Ice/Air   #.........   100%        6
 Hydra Form               Tmut           #.........   100%        6
 Invisibility             Hex            #.......     100%        6
 Iron Shot                Conj/Erth      #.........   100%        6
 Statue Form              Tmut/Erth      #........    100%        6
 Dragon Form              Tmut           #.........   100%        7
 Orb of Destruction       Conj           #.........   100%        7
 Spellforged Servitor     Conj/Summ      #.........   100%        7


Dungeon Overview and Level Annotations

Branches:
Dungeon (11/15)            Temple (1/1) D:5            Lair (0/6) D:8
    Orc (0/2) D:9         Gauntlet (1/1)

Altars:
Ashenzari
Cheibriados
Dithmenos
Elyvilon
Fedhas
Gozag
Hepliaklqana
Kikubaaqudgha
Makhleb
Nemelex Xobeh
Okawaru
Qazlal
Ru
Sif Muna
Trog
Uskayaw
Vehumet
Wu Jian
Xom
Yredelemnul
Zin
The Shining One
Beogh

Shops:
D:11 [

Annotations:
D:6 1 runed translucent door, Yorgos's ghost, weakling GnDe Gauntlet 6 transporters


Innate Abilities, Weirdness & Mutations

(You are completely covered in rugged brown scales. (AC +3, +7% HP))
You have supernaturally acute eyesight. (SInv)
((Armour fits poorly on your strangely shaped body.))
((You can roll at foes to attack.))
((You have a long armoured tail.))


Message History

You are poisoned.
The minotaur barely misses you.
Really quaff the potion of lignification?
You turn into a tree.
Your +0 cloak melds into your body.
Your +1 hat melds into your body.
The +0 pair of gloves of Good Intentions {*Drain rN+ rCorr Dex+2} melds into your body.
Your +0 troll leather armour melds into your body.
Your roots penetrate the ground.
You feel sick.
The minotaur hits you with the +8 trident of Etubull {venom, Str+2}!
The minotaur gores you.
It was a potion of heal wounds.
You feel much better.
You feel sick.
The minotaur hits you with the +8 trident of Etubull {venom, Str+2}!
The minotaur gores you but does no damage.
You barely miss the minotaur.
The minotaur furiously retaliates!
The minotaur headbutts you.
The minotaur is lightly wounded.
You feel sick.
You hit the minotaur but do no damage.
The minotaur is lightly wounded.
The minotaur hits you with the +8 trident of Etubull {venom, Str+2}!
* * * LOW HITPOINT WARNING * * *
The minotaur gores you but does no damage.
You hit the minotaur.
The minotaur is lightly wounded.
You feel sick.
You hit the minotaur but do no damage.
The minotaur is lightly wounded.
You feel sick.
You hit the minotaur but do no damage.
The minotaur is lightly wounded.
The minotaur hits you with the +8 trident of Etubull {venom, Str+2}.
* * * LOW HITPOINT WARNING * * *
The minotaur gores you.
* * * LOW HITPOINT WARNING * * *
You hit the minotaur but do no damage.
The minotaur is lightly wounded.
You feel sick.
You barely miss the minotaur.
The minotaur is lightly wounded.
You hit the minotaur but do no damage.
The minotaur is lightly wounded.
You feel sick. You block the minotaur's attack.
The minotaur gores you but does no damage.
Okay, then.
You cannot blink because you are held in place by your roots.
Okay, then.
You fade into invisibility!
You feel sick.
The minotaur hits you with the +8 trident of Etubull {venom, Str+2}!!
You die...

.#..#≈8§##########
©#..#...##....##.####
.#..#.8....##.##....#
.#..#...##.##....##.##
.#..#.8.##....##.##..#
.#..#......##.##....##
##..#...##.##....##.##
...≈#.©.##....######.#
...∩#......##.'.♣H∩###
...≈#.©.##.##.######
##..#...##....#
=#..#......##.#
.#..#.8.##.##..
≈#..#...## ...#
Z#..#.8... #.#
©#..#...## ?#..#≈8≈#


You could see a minotaur.

Vanquished Creatures
  A minotaur (shapeshifter) (Gauntlet)
  A death yak (shapeshifter) (Gauntlet)
  A two-headed ogre (D:9)
  Nergalle (D:10)
  Pikel (D:7)
  A cyclops (shapeshifter) (Gauntlet)
  A centaur zombie (D:11)
  Maggie (D:10)
  2 trolls (D:9)
  2 slime creatures (Gauntlet)
  A raiju (shapeshifter) (Gauntlet)
  A shadow (D:11)
  4 chaos spawn
  A neqoxec (Gauntlet)
  Menkaure (D:7)
  3 porcupines (D:8)
  7 ice beasts
  5 orc warriors
  A black bear (D:8)
  2 phantoms
  3 sky beasts
  11 ogres
  4 wolves
  3 crocodiles (D:8)
  4 centaurs
  4 big kobolds (D:9)
  5 bullfrogs
  3 gnoll sergeants (D:9)
  5 scorpions
  2 howler monkeys
  3 wights (D:8)
  A bullfrog zombie (D:7)
  5 jellies
  A quasit (D:10)
  5 orc priests
  A centaur skeleton (D:7)
  4 hounds
  7 orc wizards
  Jessica (D:3)
  2 iguanas
  Ijyb (D:5)
  7 worker ants
  A hound skeleton (D:10)
  A howler monkey zombie (D:8)
  11 adders
  2 gnolls
  2 shadow imps
  A white imp (D:5)
  2 ufetubi
  An adder zombie (D:7)
  4 dart slugs
  5 worms
  5 leopard geckos
  44 orcs
  2 ball pythons (D:1)
  9 giant cockroaches
  8 goblins
  7 hobgoblins
  14 jackals
  8 kobolds
  7 quokkas
  9 bats
  4 frilled lizards
  A jackal skeleton (D:4)
  A quokka skeleton (D:4)
  15 rats
284 creatures vanquished.

Vanquished Creatures (others)
  A plant (D:8)
1 creature vanquished.

Grand Total: 285 creatures vanquished

Notes
Turn   | Place    | Note
-------+----------+-------------------------------------------
     0 | D:5      | Gorglomux the Palentonga Delver began the quest for the
                  | Orb.
     0 | D:5      | Reached XP level 1. HP: 19/19 MP: 1/1
    10 | D:5      | Noticed a sky beast
    25 | D:4      | Noticed a hound
   151 | D:4      | Noticed a hound
   161 | D:4      | Killed a hound
   161 | D:4      | Reached XP level 2. HP: 6/26 MP: 2/2
   161 | D:4      | Reached XP level 3. HP: 7/32 MP: 3/3
   479 | D:2      | Reached skill level 3 in Short Blades
  1217 | D:2      | Reached XP level 4. HP: 35/39 MP: 4/4
  2600 | D:3      | Reached XP level 5. HP: 37/46 MP: 5/5
  3174 | D:3      | Noticed Jessica
  3180 | D:3      | Killed Jessica
  3809 | D:4      | Reached XP level 6. HP: 54/54 MP: 6/6
  4152 | D:4      | Reached skill level 1 in Shields
  4731 | D:4      | Reached XP level 7. HP: 44/60 MP: 7/7
  4967 | D:5      | Reached skill level 6 in Fighting
  5185 | D:5      | Noticed Ijyb
  5194 | D:5      | Killed Ijyb
  5243 | D:5      | Found a staircase to the Ecumenical Temple.
  5261 | Temple   | Entered the Ecumenical Temple
  5544 | Temple   | Became a worshipper of Uskayaw the Reveler
  5569 | D:5      | Reached * piety under Uskayaw
  5778 | D:5      | Reached skill level 6 in Short Blades
  5851 | D:5      | Got a heavily runed leather armour
  6185 | D:6      | Reached ** piety under Uskayaw
  6194 | D:6      | Identified the cursed +0 leather armour of Agoraphobia
                  | {Dex+3} (You found it on level 5 of the Dungeon)
  6226 | D:6      | Reached XP level 8. HP: 64/69 MP: 8/8
  6674 | D:6      | Reached skill level 1 in Invocations
  6738 | D:6      | Found a runed translucent door.
  6739 | D:6      | Noticed Yorgos's ghost (weakling GnDe)
  7057 | D:7      | Reached skill level 1 in Armour
  7057 | D:7      | Reached *** piety under Uskayaw
  7060 | D:7      | Reached **** piety under Uskayaw
  7494 | D:7      | HP: 3/72 [bullfrog zombie (6)]
  7830 | D:7      | Reached skill level 3 in Invocations
  7830 | D:7      | Reached XP level 9. HP: 24/79 MP: 11/11
  8381 | D:7      | Noticed Menkaure
  8398 | D:7      | Reached skill level 3 in Dodging
  8527 | D:7      | Killed Menkaure
  8841 | D:8      | Noticed Pikel
  8863 | D:7      | Killed Pikel
  8958 | D:8      | Reached skill level 3 in Armour
  9650 | D:8      | Found a bloodstained altar of Trog.
  9850 | D:8      | Reached skill level 9 in Fighting
  9855 | D:8      | Reached XP level 10. HP: 61/88 MP: 13/13
  9999 | D:8      | Reached skill level 9 in Short Blades
 10002 | D:8      | Found a staircase to the Lair.
 10444 | D:8      | Found a roughly hewn altar of Beogh.
 10993 | D:9      | Found a shimmering altar of Xom.
 10994 | D:9      | Found the +7 mace of Variability {chain chaos}
 11235 | D:9      | Noticed a two-headed ogre
 11243 | D:9      | Killed a two-headed ogre
 11729 | D:9      | Found a staircase to the Orcish Mines.
 11749 | D:9      | Reached ***** piety under Uskayaw
 11756 | D:9      | Reached ****** piety under Uskayaw
 12526 | D:10     | Entered Level 10 of the Dungeon
 12574 | D:10     | Noticed Maggie
 12608 | D:10     | Killed Maggie
 12608 | D:10     | Reached XP level 11. HP: 93/98 MP: 14/14
 12805 | D:10     | Noticed Nergalle
 12823 | D:10     | Killed Nergalle
 13375 | D:11     | Found Yferilenwe's Antique Armour Shop.
 13387 | D:11     | Bought a pair of slimy gloves for 304 gold pieces
 13392 | D:11     | Identified the +0 pair of gloves of Good Intentions {*Drain
                  | rN+ rCorr Dex+2} (You bought it in a shop on level 11 of
                  | the Dungeon)
 13395 | D:11     | Found a gate leading to a gauntlet.
 13468 | Gauntlet | Entered a Gauntlet
 13468 | Gauntlet | Found a transporter.
 13468 | Gauntlet | Found a transporter.
 13468 | Gauntlet | Noticed a wizard
 13486 | Gauntlet | Found a transporter.
 13490 | Gauntlet | Found a transporter.
 13492 | Gauntlet | Noticed a soul eater
 13504 | Gauntlet | Found a transporter.
 13514 | Gauntlet | Found a transporter.
 13535 | Gauntlet | Found a transporter.
 13539 | Gauntlet | Noticed a sea snake
 13539 | Gauntlet | a cyclops changed into a sea snake
 13545 | Gauntlet | a sea snake changed into a snapping turtle
 13552 | Gauntlet | Found a transporter.
 13552 | Gauntlet | Noticed an anaconda
 13552 | Gauntlet | a faun changed into an anaconda
 13554 | Gauntlet | Noticed a spark wasp
 13554 | Gauntlet | an anaconda changed into a spark wasp
 13556 | Gauntlet | Found a transporter.
 13556 | Gauntlet | a spark wasp changed into an eye of devastation
 13566 | Gauntlet | Found a transporter.
 13570 | Gauntlet | Found a transporter.
 13614 | Gauntlet | Found a transporter.
 13622 | Gauntlet | Noticed a harpy
 13623 | Gauntlet | a harpy changed into a meliai
 13623 | Gauntlet | Noticed a death drake
 13623 | Gauntlet | a komodo dragon changed into a death drake
 13730 | Gauntlet | Reached skill level 1 in Evocations
 13730 | Gauntlet | Noticed an ettin
 13730 | Gauntlet | a floating eye changed into an ettin
 13730 | Gauntlet | HP: 4/99 [slime creature (10)]
 13734 | Gauntlet | Got a clouded tin amulet
 13735 | Gauntlet | Identified the amulet "Qutuyses" {Acrobat Dex+2} (You found
                  | it in a Gauntlet)
 13887 | Gauntlet | Noticed a queen ant
 13943 | Gauntlet | Noticed a catoblepas
 13943 | Gauntlet | a queen ant changed into a catoblepas
 13962 | Gauntlet | Noticed a swamp dragon
 13962 | Gauntlet | a moth of wrath changed into a swamp dragon
 13970 | Gauntlet | a swamp dragon changed into a torpor snail
 13974 | Gauntlet | Noticed an anaconda
 13974 | Gauntlet | a torpor snail changed into an anaconda
 13978 | Gauntlet | an anaconda changed into a water nymph
 13984 | Gauntlet | Noticed an ettin
 13984 | Gauntlet | a slime creature changed into an ettin
 13985 | Gauntlet | Noticed a fire dragon
 13985 | Gauntlet | an ettin changed into a fire dragon
 13997 | Gauntlet | Noticed a satyr
 13997 | Gauntlet | a fire dragon changed into a satyr
 14001 | Gauntlet | Noticed a wolf spider
 14001 | Gauntlet | a satyr changed into a wolf spider
 14002 | Gauntlet | Noticed an alligator
 14002 | Gauntlet | a wolf spider changed into an alligator
 14010 | Gauntlet | Noticed a death yak
 14010 | Gauntlet | an alligator changed into a death yak
 14016 | Gauntlet | Noticed a ghost moth
 14016 | Gauntlet | a death yak changed into a ghost moth
 14021 | Gauntlet | Noticed a death yak
 14021 | Gauntlet | a catoblepas changed into a death yak
 14026 | Gauntlet | Noticed a minotaur
 14026 | Gauntlet | a ghost moth changed into a minotaur
 14036 | Gauntlet | Killed a minotaur
 14040 | Gauntlet | Killed a death yak
 14040 | Gauntlet | Reached skill level 6 in Invocations
 14047 | Gauntlet | Got a crude brass ring
 14050 | Gauntlet | Identified the ring "Gibya" {rElec rC- MR++ AC+4 Str+3}
                  | (You found it in a Gauntlet)
 14118 | Gauntlet | Identified the +8 trident of Etubull {venom, Str+2}
 14118 | Gauntlet | Identified the ring "Liereack" {+Fly rN++ Stlth-}
 14118 | Gauntlet | Noticed a minotaur
 14132 | Gauntlet | Slain by a minotaur

Illustrated notes

Levels and vault maps discovered:
D:1:      onia_arrival_handbag, layout_basic, chequers_serial_rivers_large_b
D:2:      minmay_skewed_foursquare, layout_basic
D:3:      layout_loops_corners, uniq_jessica
D:4:      layout_basic, minmay_joined_circles
D:5:      layout_loops_cross, minmay_temple_entry_ruins, gup_sewer_entry_bowl,
          uniq_ijyb
D:6:      layout_loops_ring, gammafunk_ghost_grave
D:7:      layout_basic, uniq_menkaure
D:8:      layout_loops_ring, lightli_temple_of_fire, minmay_lair_entry_grove,
          special_room [special_room_orc], grunt_ministairs_15,
          chequers_serial_rivers_room_a, uniq_pikel
D:9:      layout_roguey, kennysheep_orc_monster_closet_entryway,
          serial_co_window_serial, co_window_paths_b, co_window_corner_a,
          co_window_paths_a, co_window_cross_1, co_window_paths_a,
          co_window_broadway_c, co_window_of_opportunity_b, co_window_corner_ca,
          co_window_of_opportunity_c, glass_columns_a,
          minmay_guarded_unrand_variability
D:10:     layout_basic, uniq_nergalle, uniq_maggie
D:11:     layout_basic, basic_altar, gauntlet_entry_generic, serial_shops,
          nicolae_shop_waterfront, hangedman_abyss_or_decor_stabs,
          chequers_serial_rivers_micro_e, sword_in_stone
Temple:   regret_index_temple_sigil_plot
Gauntlet: gammafunk_gauntlet_hard_choice [nicolae_gauntlet_arena_x,
          gammafunk_gauntlet_arena_teeth, gammafunk_gauntlet_arena_spirals,
          nicolae_gauntlet_arena_blocks, nicolae_gauntlet_arena_flowing_pool,
          gammafunk_gauntlet_arena_grid, gauntlet_exit_green]

Skill      XL: |  1  2  3  4  5  6  7  8  9 10 11 |
---------------+----------------------------------+-----
Short Blades   | 3 4 5 6 7 8 10 11 | 11.1
Fighting       | 4 5 6 7 9 10 11 | 11.7
Shields        | 1 2 |  2.4
Invocations    | 3 5 6 |  6.0
Dodging        | 2 4 |  4.0
Armour         | 2 3 |  3.9
Evocations     | 2 |  2.4
Stealth        | |  3.3

Action                   |  1- 3 |  4- 6 |  7- 9 | 10-12 || total
-------------------------+-------+-------+-------+-------++-------
Melee: Short sword       |    80 |   228 |   354 |   302 ||   964
       Tailslap          |    14 |    21 |    68 |    86 ||   189
       Broad axe         |       |     5 |       |       ||     5
       Dagger            |       |       |       |   128 ||   128
Invok: Line Pass         |       |       |     4 |     5 ||     9
       Stomp             |       |       |     3 |     4 ||     7
 Abil: Rolling Charge    |    13 |    33 |    28 |    46 ||   120
Evoke: Wand              |     1 |       |     2 |     4 ||     7
  Use: Scroll            |     1 |       |    14 |    11 ||    26
       Potion            |       |     1 |     3 |     5 ||     9
 Stab: Sleeping          |       |     1 |     1 |       ||     2
       Paralysed         |       |       |     4 |    28 ||    32
       Invisible         |       |       |       |     3 ||     3
Armor: Leather armour    |    18 |    56 |    59 |    11 ||   144
       Skin              |       |    54 |    14 |     3 ||    71
       Troll leather arm |       |       |       |    23 ||    23
       Chain mail        |       |       |       |     8 ||     8
Dodge: Dodged            |    34 |    79 |   101 |   106 ||   320
Block: Buckler           |       |     6 |    84 |   100 ||   190
       Reflection        |       |       |     2 |     1 ||     3

Table legend: (Time is in decaauts)
 A = Elapsed time spent in this place.
 B = Non-inter-level travel time spent in this place.
 C = Inter-level travel time spent in this place.
 D = Time resting spent in this place.
 E = Time spent auto-exploring this place.
 F = Levels seen in this place.
 G = Mean time per level.
                   A        B        C        D        E       F      G
               +--------+--------+--------+--------+--------+-----+--------+
         Total |  13879 |  13292 |    587 |   1950 |   8988 |  13 | 1067.6 |
       Dungeon |  12947 |  12401 |    546 |   1761 |   8511 |  11 | 1177.0 |
        Temple |    303 |    262 |     41 |      0 |    260 |   1 |  303.0 |
      Gauntlet |    628 |    628 |      0 |    189 |    217 |   1 |  628.0 |
               +--------+--------+--------+--------+--------+-----+--------+

Top non-repeatable levels by time:
     D:8: 1833 daAuts
     D:4: 1620 daAuts
     D:7: 1467 daAuts
     D:6: 1459 daAuts
     D:9: 1431 daAuts
     D:2: 1235 daAuts
     D:3: 1165 daAuts
     D:5: 941 daAuts
     D:1: 912 daAuts
    D:10: 699 daAuts
Gauntlet: 628 daAuts
  Temple: 303 daAuts
    D:11: 180 daAuts
